 Dungeon Crawl Stone Soup version 0.31-a0-460-g9e667d4245 (webtiles) character file.

Game seed: 12063003526873645952

3403 MisterAzrael the Covert (level 10, -7/68 HPs)
             Began as an Octopode Shapeshifter on Aug 4, 2023.
             Was a Follower of Cheibriados.
             Mangled by an orc knight
             ... wielding a +0 halberd
              (11 damage)
             ... in a bailey.
             The game lasted 00:11:02 (6107 turns).

MisterAzrael the Covert (Octopode Shapeshifter)     Turns: 6107, Time: 00:11:02

Health: -7/68      AC:  1    Str: 21    XL:     10   Next: 4%
Magic:  10/10      EV: 15    Int: 13    God:    Cheibriados [*.....]
Gold:   424        SH:  0    Dex: 14    Spells: 9/9 levels left

rFire   + .          .
                       - Unarmed
rCold   . . .        (no shield)
rNeg    . . .        (helmet currently unavailable)
rPois   .            o - amulet of regeneration
rElec   .            j - ring of protection from fire
rCorr   .            (no ring)
SInv    .            (no ring)
Will    .....        (no ring)
Stlth   +++++        (no ring)
HPRegen 1.11/turn    (no ring)
MPRegen 0.12/turn    (no ring)
                     (no ring)

%: no passive effects
@: beast-form, very slow
A: beast (slay +3), almost no armour, amphibious, 8 rings, camouflage 1,
gelatinous body 1, (nimble swimmer 1), tentacles
a: Begin Untransformation, Renounce Religion, Bend Time


You were in a bailey.
You worshipped Cheibriados.
Cheibriados was aware of your devotion.
You were a hulking beast.
You visited 2 branches of the dungeon, and saw 8 of its levels.
You also visited: Bailey.

You collected 424 gold pieces.

Inventory:

Missiles
 q - 6 atropa-tipped darts
 x - a throwing net
Magical Staves
 e - a staff of fire
Jewellery
 j - a ring of protection from fire (left tentacle)
 o - an amulet of regeneration (around mantle)
Talismans
 b - a beast talisman (active)
Wands
 y - a wand of polymorph (5)
Scrolls
 a - a scroll of immolation {unknown}
 d - 2 scrolls of enchant weapon {unknown}
 g - 5 scrolls of identify
 h - 2 scrolls of teleportation
 i - a scroll of fog
 n - 2 scrolls of noise
 s - a scroll of vulnerability {unknown}
 u - 2 scrolls of blinking
 v - a scroll of enchant armour {unknown}
 w - a scroll of poison {unknown}
Potions
 c - a potion of degeneration {unknown}
 f - 3 potions of enlightenment
 k - a potion of attraction {unknown}
 p - a potion of ambrosia {unknown}
 r - a potion of heal wounds {unknown}
 t - a potion of haste {unknown}
Miscellaneous
 l - a phantom mirror


   Skills:
 + Level 5.7 Fighting
 + Level 6.0 Dodging
 + Level 8.7 Stealth
 * Level 8.2 Unarmed Combat
 + Level 5.6 Shapeshifting


You had 9 spell levels left.
You didn't know any spells.
Your spell library was empty.

Dungeon Overview and Level Annotations

Branches:
Dungeon (7/15)             Temple (1/1) D:5          Bailey (1/1)

Altars:
Ashenzari
Cheibriados
Elyvilon
Fedhas
Hepliaklqana
Kikubaaqudgha
Makhleb
Okawaru
Ru
Sif Muna
Trog
Vehumet
Wu Jian
Xom
Yredelemnul
Zin

Shops:
D:2 *   D:3 :!=!

Annotations:
D:3 2 transporters, LeprechaunX's ghost, amateur OpSh
D:5 2 transporters


Innate Abilities, Weirdness & Mutations

You are a hulking beast.
Your limbs bulge with bestial killing power. (Slay +3)
You cannot wear most types of armour.
You are amphibious.
You can wear up to eight rings at the same time.
Your skin changes colour to match your surroundings (Stealth+).
Your rubbery body absorbs attacks. (AC +1, EV +1)
((You are camouflaged when in or above water. (Stealth+)))
You have tentacles for arms and can constrict up to eight enemies at once.


Message History

You open the door.
There is an open door here.
There is an open door here.
You open the gate.
Found a phantom mirror.
Found two gates leading back out of this place.
There is an open gate here.
There is an open gate here.
You see here a phantom mirror.
l - a phantom mirror You open the door.
An orc, an orc warrior and an orc knight come into view.
Found a scroll of acquirement and a runed scimitar.
Found a roughly hewn altar of Beogh.
There is an open door here.
The helpless orc fails to defend itself.
You batter the orc!!
You kill the orc!
Cheibriados appreciates the change of pace.
The helpless orc warrior fails to defend itself.
You tentacle-slap the orc warrior. Your grab misses the orc warrior.
You squeeze the orc warrior!
The orc warrior is heavily wounded.
The orc warrior completely misses you.
You tentacle-slap the orc warrior. Your grab misses the orc warrior.
The orc warrior is heavily wounded.
The orc knight shouts!
The orc knight hits you from afar with a +0 halberd!!
The orc warrior hits you with a +0 glaive!!
You barely miss the orc warrior. You grab the orc warrior.
The orc warrior is heavily wounded.
You constrict the orc warrior.
You release your grip on the orc warrior.
The orc knight roars a battlecry!
The orc warrior goes into a battle-frenzy!
The orc warrior misses you.
The orc warrior hits you with a +0 glaive!!
* * * LOW HITPOINT WARNING * * *
The orc knight hits you from afar with a +0 halberd!
You die...

..............#≈..
.........≈#∩)##≈..
#######....≈##)#≈≈..
##....##....≈≈≈.≈≈...
##.....##.............
##..#'''##.............
#..##∩.∩##..##.........
#.####'####.##.........
#.'.#.h.#)'.##.........
#.###o_.###.##.........
#.')#)o?#)'.##.........
#.#########.##.........
#..##)#)##..# .....
##..#'#'#..## .....
##.......## .....
######### ≈≈... #≈≈..


You could see an orc knight and an orc warrior (strong).

Vanquished Creatures
  Pikel (D:7)
  A vampire mosquito (D:7)
  A steam dragon (D:7)
  Menkaure (D:5)
  2 water moccasins (D:6)
  A black bear (D:7)
  9 orc warriors
  An ogre (D:6)
  A phantom (D:5)
  Blork the orc (D:4)
  3 bullfrogs
  2 scorpions
  3 howler monkeys
  A jelly (D:7)
  2 hounds (D:6)
  3 orc priests
  A gnoll bouda (D:5)
  Jessica (D:2)
  An iguana (D:4)
  7 orc wizards
  9 adders
  9 gnolls
  2 white imps (D:6)
  2 ufetubi
  4 worms
  3 dart slugs
  28 orcs
  3 endoplasms
  7 giant cockroaches
  5 goblins
  A hobgoblin (D:3)
  2 jackals (D:3)
  3 quokkas
  5 ball pythons
  6 bats
  5 frilled lizards
  8 kobolds
  7 rats
152 creatures vanquished.

Notes
Turn   | Place    | Note
-------+----------+-------------------------------------------
     0 | D:1      | MisterAzrael the Octopode Shapeshifter began the quest for
                  | the Orb.
     0 | D:1      | Reached XP level 1. HP: 13/13 MP: 1/1
   178 | D:1      | Reached XP level 2. HP: 15/18 MP: 2/2
   204 | D:1      | Reached skill level 1 in Stealth
   314 | D:1      | You fall into a shaft and drop 1 floor!
   341 | D:2      | Noticed Jessica
   342 | D:2      | Found Hyleohav's Assorted Antiques.
   348 | D:2      | Killed Jessica
   349 | D:2      | Reached XP level 3. HP: 15/23 MP: 3/3
   624 | D:2      | Reached XP level 4. HP: 27/29 MP: 4/4
   980 | D:3      | Reached XP level 5. HP: 7/34 MP: 5/5
  1287 | D:3      | Found Cucoizek's Jewellery Shoppe.
  1350 | D:3      | Found Jukhlonke's Distillery.
  1367 | D:3      | Noticed LeprechaunX's ghost (amateur OpSh)
  1370 | D:3      | Found a transporter.
  1907 | D:3      | Found Zenwyzut's Book Boutique.
  1910 | D:3      | Found a transporter.
  1929 | D:3      | Found Raqig's Distillery.
  2612 | D:4      | Noticed Blork the orc
  2621 | D:4      | Killed Blork the orc
  2622 | D:4      | Reached XP level 6. HP: 41/41 MP: 6/6
  3188 | D:4      | Reached skill level 5 in Stealth
  3587 | D:5      | Entered Level 5 of the Dungeon
  3587 | D:5      | Found a transporter.
  3624 | D:5      | Noticed Menkaure
  3633 | D:5      | Killed Menkaure
  3634 | D:5      | Reached XP level 7. HP: 46/46 MP: 7/7
  3895 | D:5      | Found a staircase to the Ecumenical Temple.
  4044 | D:5      | Found a transporter.
  4271 | Temple   | Entered the Ecumenical Temple
  4639 | D:6      | Reached skill level 5 in Unarmed Combat
  4639 | D:6      | Reached XP level 8. HP: 52/52 MP: 8/8
  5402 | D:6      | Found an iron altar of Okawaru.
  5411 | D:6      | Found a snail-covered altar of Cheibriados.
  5421 | D:6      | Became a worshipper of Cheibriados the Contemplative
  5481 | D:7      | Reached skill level 5 in Dodging
  5481 | D:7      | Reached XP level 9. HP: 45/59 MP: 9/9
  5610 | D:7      | Reached skill level 5 in Shapeshifting
  5615 | D:7      | Noticed Pikel
  5634 | D:7      | Killed Pikel
  5635 | D:7      | Reached skill level 5 in Fighting
  5736 | D:7      | Noticed a green ugly thing
  5742 | D:7      | Noticed a troll
  5755 | D:7      | Reached * piety under Cheibriados
  5801 | D:7      | Identified the +2 hammer "Rodwodgh" {heavy, rF- Int+3
                  | Dex+2}
  5827 | D:7      | Found a flagged portal.
  5903 | Bailey   | Entered a bailey
  6064 | Bailey   | Reached XP level 10. HP: 68/68 MP: 10/10
  6100 | Bailey   | Noticed an orc knight
  6107 | Bailey   | Mangled by an orc knight

Illustrated notes

Levels and vault maps discovered:
D:1:      lightli_arrival_maybe_door_vault, layout_rooms
D:2:      layout_basic, serial_shops, nicolae_diamond_shop, uniq_jessica
D:3:      minmay_skewed_foursquare, layout_basic, gammafunk_ghost_arena,
          serial_shops, shop, shop, nicolae_shop_rolling_square,
          nicolae_shop_waterfront, minmay_three_crescents
D:4:      layout_cave_pods, serial_co_window_serial, co_window_paths_b,
          co_window_corner_a, co_window_of_opportunity_a,
          co_window_of_opportunity_a, co_window_of_opportunity_a,
          co_window_broadway_a, co_window_corner_b, co_window_paths_c,
          co_window_broadway_a, co_window_corner_ca, glass_columns_a,
          minmay_misc_feat_columns, uniq_blork_the_orc
D:5:      gammafunk_steamed_eel, layout_basic, minmay_temple_entry_statues,
          grunt_ministairs_13, chequers_serial_rivers_micro_c, uniq_menkaure
D:6:      layout_loops_corners, minitemple
D:7:      layout_rooms, nicolae_overflow_crystal_walls, enter_bailey_8,
          kb_rosetta, uniq_pikel, uniq_crazy_yiuf_cottage
Temple:   minmay_temple_curvy_branch
Bailey:   bailey_polearm_2, bailey

Skill      XL: |  1  2  3  4  5  6  7  8  9 |
---------------+----------------------------+-----
Stealth        | 2 3 4 5 6 7 8 |  8.7
Fighting       | 2 3 4 5 |  5.7
Dodging        | 3 4 5 6 |  6.0
Unarmed Combat | 4 5 6 8 |  8.2
Shapeshifting  | 4 5 |  5.6

Action                     |  1- 3 |  4- 6 |  7- 9 | 10-12 || total
---------------------------+-------+-------+-------+-------++-------
  Melee: Unarmed           |    46 |   109 |   189 |     6 ||   350
         Constrict         |    17 |    19 |    44 |     2 ||    82
         Tentacles         |    12 |    20 |    39 |     1 ||    72
         Punch             |     1 |     3 |    11 |       ||    15
    Use: Potion            |       |     4 |     5 |       ||     9
         Scroll            |       |     2 |     3 |       ||     5
   Stab: Sleeping          |     6 |    12 |     9 |     3 ||    30
 Armour: Skin              |     3 |    18 |    62 |       ||    83
  Dodge: Dodged            |    21 |    58 |   113 |     2 ||   194

Table legend: (Time is in decaauts)
 A = Elapsed time spent in this place.
 B = Non-inter-level travel time spent in this place.
 C = Inter-level travel time spent in this place.
 D = Time resting spent in this place.
 E = Time spent auto-exploring this place.
 F = Levels seen in this place.
 G = Mean time per level.
                   A        B        C        D        E       F      G
               +--------+--------+--------+--------+--------+-----+--------+
         Total |   6221 |   5979 |    242 |   1002 |   3440 |   9 |  691.2 |
       Dungeon |   5866 |   5625 |    241 |    957 |   3440 |   7 |  838.0 |
        Temple |    112 |    112 |      0 |      0 |      0 |   1 |  112.0 |
        Bailey |    242 |    242 |      0 |     45 |      0 |   1 |  242.0 |
               +--------+--------+--------+--------+--------+-----+--------+

Top non-repeatable levels by time:
     D:3: 1591 daAuts
     D:6: 1072 daAuts
     D:4: 1049 daAuts
     D:5: 698 daAuts
     D:2: 623 daAuts
     D:7: 518 daAuts
     D:1: 312 daAuts
  Bailey: 242 daAuts
  Temple: 112 daAuts
